 Dungeon Sprint DCSS version 0.21.0-24-g2553a33 (webtiles) character file.

56 letownia2 the Ruffian (level 6, -5/59 HPs)
             Began as a Troll Wizard on Jan 20, 2018.
             Was an Initiate of Gozag.
             Slain by a fire elemental (11 damage)
             ... in the Dungeon (Sprint VI: "Thunderdome").
             The game lasted 00:04:17 (377 turns).

letownia2 the Ruffian (Troll Wizard)                 Turns: 377, Time: 00:04:18

Health: -5/59      AC:  5    Str: 14    XL:     6   Next: 73%
Magic:  0/11       EV: 10    Int: 16    God:    Gozag
Gold:   613        SH:  0    Dex: 12    Spells: 4/13 levels left

rFire    . . .     SeeInvis +     - Unarmed
rCold    . . .     Gourm    +   (no shield)
rNeg     + . .     Faith    .   a - +0 robe
rPois    +         Spirit   +   b - +0 hat
rElec    +         Reflect  .   (no cloak)
rCorr    .         Harm     .   (gloves unavailable)
MR       .....     NoTele   +   (boots unavailable)
Stlth    ++........             q - amulet of Wuizxum {Spirit +Blink Str-2 SInv}
HPRegen  0.59/turn              s - ring "Acoemed" {+Fly rPois Dex+4}
MPRegen  0.12/turn              r - ring of Dodeutaf {rElec rPois rN+}

@: no status effects
A: large, unfitting armour, claws 3, fast metabolism 3, gourmand, regeneration
1, shaggy fur 1, tough skin 2
a: Potion Petition, Call Merchant, Bribe Branch, Renounce Religion, Evoke Blink,
Evoke Flight


You were in the Dungeon.
You worshipped Gozag.
Gozag was pleased with you.
You were not hungry.

You visited 1 branch You collected 883 gold pieces.
You spent 270 gold pieces at shops.

Inventory:

Armour
 a - a +0 robe (worn)
 b - a +0 hat (worn)
Jewellery
 p - the ring "Udih" {rF- rN++ Str+4 Int+3 Slay+2}
   (You bought it in a shop in the Dungeon)

   [ring of strength]

   It affects your strength (+4).
   It affects your intelligence (+3).
   It affects your accuracy and damage with ranged weapons and melee attacks
   (+2).
   It makes you vulnerable to fire.
   It greatly protects you from negative energy.
 q - the amulet of Wuizxum (around neck) {Spirit +Blink Str-2 SInv}
   (You bought it in a shop in the Dungeon)

   [amulet of guardian spirit]

   It causes incoming damage to be split between your health and magic.
   It affects your strength (-2).
   It lets you see invisible.
   It lets you blink.
 r - the ring of Dodeutaf (right claw) {rElec rPois rN+}
   (You bought it in a shop in the Dungeon)

   [ring of poison resistance]

   It insulates you from electricity.
   It protects you from poison.
   It protects you from negative energy.
 s - the ring "Acoemed" (left claw) {+Fly rPois Dex+4}
   (You bought it in a shop in the Dungeon)

   [ring of poison resistance]

   It affects your dexterity (+4).
   It protects you from poison.
   It lets you fly.
Wands
 k - a wand of acid (4)
Scrolls
 j - 4 scrolls of blinking
 m - 3 scrolls of fog
Potions
 e - a potion of curing
 f - 4 potions of heal wounds
 g - 4 potions of haste
 h - 2 potions of magic
 i - a potion of berserk rage
 n - a potion of resistance
Books
 c - a book of Minor Magic

   Spells                             Type                      Level
   a - Magic Dart                     Conjuration                  1
   b - Blink                          Translocation                2
   c - Call Imp                       Summoning                    2
   d - Slow                           Hexes                        2
   e - Conjure Flame                  Conjuration/Fire             3
   f - Mephitic Cloud                 Conjuration/Poison/Air       3
Comestibles
 d - 2 rations


   Skills:
 - Level 2.6 Fighting
 - Level 1.5 Dodging
 - Level 1.0 Stealth
 + Level 7.6 Unarmed Combat
 + Level 4.2 Spellcasting
 + Level 4.4 Conjurations
   Level 0.6 Summonings
 + Level 3.1 Translocations
 + Level 3.0 Fire Magic
 - Level 2.5 Air Magic
 - Level 2.7 Poison Magic


You had 4 spell levels left.
You knew the following spells:

 Your Spells              Type           Power        Failure   Level  Hunger
a - Magic Dart            Conj           ###.         2%          1    None
b - Blink                 Tloc           N/A          7%          2    ##.....
c - Conjure Flame         Conj/Fire      ###.....     11%         3    ###....
e - Mephitic Cloud        Conj/Pois/Air  ##......     13%         3    ###....


Dungeon Overview and Level Annotations

Branches:
Dungeon (1/1)

Altars:
Cheibriados
Dithmenos
Fedhas
Gozag
Kikubaaqudgha
Makhleb
Okawaru
Qazlal
Ru
Sif Muna
Trog
Uskayaw
Vehumet
Wu Jian
Xom
Yredelemnul
Zin
The Shining One
Beogh
Jiyva
Lugonu

Shops:
D *[%??*?*:[((!!!!


Innate Abilities, Weirdness & Mutations

You are too large for most types of armour.
You have claws for hands.
Your metabolism is lightning-fast.
You like to eat raw meat.
Your natural rate of healing is unusually fast.
You are covered in fur. (AC +1)
You have very tough skin. (AC +2)


Message History

Unknown command.
Unknown command.
Evoke which item? (* to show all) (? for menu, Esc to quit)
Aiming: Corrosive Bolt
Press: ? - help, Shift-Dir - straight line, f/p - fire elemental
Aim: a fire elemental (moderately damaged)
The bolt of acid hits the fire elemental.
The fire elemental is splashed with acid.
The fire elemental is severely damaged.
The fire elemental hits you. The fire elemental burns you!
* * * LOW HITPOINT WARNING * * *
Unknown command.
Unknown command.
Unknown command.
Unknown command.
You scratch the fire elemental.
The fire elemental is severely damaged.
The fire elemental hits you. The fire elemental burns you!
You die...
Your body crumbles into a pile of gold.

#⌠...........⌠#
######.8.........8.######
##∩___......###......_._∩##
##∩........8.# #.8........∩###
..)....).....###§§§..........##
....).....###..§###..........⌠#
.[........# #.<§# #..........⌠#
........$.###..E###..........⌠#
.............###@............##
##∩........8.# #.8........∩###
##∩___......###)......__∩##
######.8.........8.######
#⌠...........⌠# ###.........###
#_......._# #_......._#
#_......._#


You could see a fire elemental.

Vanquished Creatures
  2 fire bats (D)
  A water moccasin (D)
  An orc wizard (D)
  3 adders (D)
  5 orcs (D)
  2 ball pythons (D)
14 creatures vanquished.

Notes
Turn   | Place    | Note
-------+----------+-------------------------------------------
     0 | D        | letownia2 the Troll Wizard began the quest for the Orb.
     0 | D        | Reached XP level 1. HP: 16/16 MP: 2/2
     1 | D        | Found an ornate altar of the Wu Jian Council.
     1 | D        | Found a radiant altar of Vehumet.
     3 | D        | Found a glowing golden altar of the Shining One.
     5 | D        | Round 1.
     7 | D        | Found a shadowy altar of Dithmenos.
     8 | D        | Found an ancient bone altar of Kikubaaqudgha.
     8 | D        | Found a deep blue altar of Sif Muna.
     9 | D        | Found an opulent altar of Gozag.
     9 | D        | Found a snail-covered altar of Cheibriados.
    10 | D        | Found Cutyh's Delicious Food.
    10 | D        | Found a corrupted altar of Lugonu.
    10 | D        | Found a basalt altar of Yredelemnul.
    10 | D        | Found Naxki's Identification Station.
    11 | D        | Found Fotiss's Jewellery.
    11 | D        | Found Yfibrokky's Advanced Armour.
    22 | D        | Reached skill level 1 in Unarmed Combat
    26 | D        | Noticed an orc wizard
    33 | D        | Killed an orc wizard
    33 | D        | Reached skill level 4 in Unarmed Combat
    33 | D        | Reached XP level 2. HP: 15/29 MP: 4/4
    33 | D        | Reached XP level 3. HP: 19/36 MP: 5/5
    39 | D        | Learned a level 3 spell: Mephitic Cloud
    43 | D        | Became a worshipper of Gozag Ym Sagoz the Greedy
    51 | D        | Found a shimmering altar of Xom.
    52 | D        | Found Xizef's Magic Scroll Shop.
    53 | D        | Found a viscous altar of Jiyva.
    53 | D        | Found Vext's Staff Store.
    53 | D        | Found Mieckah's Magic Scroll Shop.
    53 | D        | Found Roove's Must-Have Magic.
    97 | D        | Bought a slimy bone ring for 45 gold pieces
    97 | D        | Bought a vibrating jade ring for 45 gold pieces
    97 | D        | Bought a pitted bronze amulet for 45 gold pieces
    97 | D        | Identified the ring of Qodim {rN+ Int+4} (You bought it in a shop in the Dungeon)
    98 | D        | Identified the ring "Udih" {rF- rN++ Str+4 Int+3 Slay+2} (You bought it in a shop in the Dungeon)
    99 | D        | Identified the amulet of Wuizxum {Spirit +Blink Str-2 SInv} (You bought it in a shop in the Dungeon)
   100 | D        | Bought a smoking wooden ring for 45 gold pieces
   100 | D        | Bought a flickering copper ring for 45 gold pieces
   100 | D        | Bought a glittering emerald amulet for 45 gold pieces
   101 | D        | Identified the ring of Dodeutaf {rElec rPois rN+} (You bought it in a shop in the Dungeon)
   104 | D        | Identified the ring "Acoemed" {+Fly rPois Dex+4} (You bought it in a shop in the Dungeon)
   106 | D        | Identified the amulet of the Tormentor {Inacc rC+ Int+4} (You bought it in a shop in the Dungeon)
   113 | D        | Found a glowing silver altar of Zin.
   117 | D        | Found a stormy altar of Qazlal.
   118 | D        | Found a sacrificial altar of Ru.
   118 | D        | Found Pommovas's Premium Goods.
   119 | D        | Found Rayskut's Miscellaneous Merchandise.
   119 | D        | Found Giyrid's Basic Armour.
   120 | D        | Found a roughly hewn altar of Beogh.
   120 | D        | Found a blossoming altar of Fedhas.
   120 | D        | Found an iron altar of Okawaru.
   120 | D        | Found Caxum's Weapon Rack.
   127 | D        | Arena points: 14 (+14) [x2]
   128 | D        | Found a bloodstained altar of Trog.
   150 | D        | Found a burning altar of Makhleb.
   151 | D        | Found Ylockaxe's Do-It-Yourself Clinic.
   152 | D        | Found Bualiut's Bottled Wisdom.
   152 | D        | Found Timade's Distillery.
   153 | D        | Found a hide-covered altar of Uskayaw.
   153 | D        | Found Gokyriy Ynwe's Distillery.
   162 | D        | Round 2.
   168 | D        | Reached skill level 5 in Unarmed Combat
   168 | D        | Reached skill level 1 in Conjurations
   236 | D        | Reached skill level 1 in Air Magic
   236 | D        | Reached skill level 1 in Poison Magic
   237 | D        | Noticed a water moccasin
   244 | D        | Killed a water moccasin
   244 | D        | Reached skill level 6 in Unarmed Combat
   244 | D        | Reached XP level 4. HP: 25/44 MP: 2/7
   244 | D        | Reached XP level 5. HP: 29/50 MP: 2/8
   258 | D        | Arena points: 56 (+42) [x3]
   277 | D        | Learned a level 3 spell: Conjure Flame
   280 | D        | Learned a level 2 spell: Blink
   310 | D        | Round 3.
   346 | D        | Noticed a fire bat
   362 | D        | Killed a fire bat
   362 | D        | Reached skill level 7 in Unarmed Combat
   362 | D        | Reached XP level 6. HP: 13/59 MP: 1/10
   365 | D        | Noticed a fire bat
   369 | D        | Killed a fire bat
   373 | D        | Noticed a fire elemental
   377 | D        | Slain by a fire elemental

Skill      XL: |  1  2  3  4  5  6 |
---------------+-------------------+-----
Unarmed Combat | 4 6 7 |  7.6
Fighting       | 2 |  2.6
Conjurations   | 2 3 4 |  4.4
Air Magic      | 2 |  2.5
Poison Magic   | 2 |  2.7
Spellcasting   | 3 4 |  4.2
Translocations | 2 3 |  3.1
Fire Magic     | 2 3 |  3.0
Dodging        | |  1.5
Stealth        | |  1.0
Summonings     | |  0.6

Action                   |  1- 3 |  4- 6 || total
-------------------------+-------+-------++-------
Melee: Unarmed           |    35 |    24 ||    59
Evoke: Wand              |       |     6 ||     6
  Eat: Chunk             |     4 |       ||     4
Armor: Robe              |     7 |    11 ||    18
Dodge: Dodged            |    12 |     9 ||    21
